 Dungeon Crawl Stone Soup version 0.24.0-1-gfbc8707122 (webtiles) character file.

Game seed: 15416939244302858231, levelgen mode: deterministic

932 Esekla the Slasher (level 7, 0/66 HPs)
             Began as a Deep Dwarf Wanderer on Oct 28, 2019.
             Shot with an arrow by a centaur (4 damage)
             ... on level 5 of the Dungeon.
             The game lasted 00:33:35 (4100 turns).

Esekla the Slasher (Deep Dwarf Wanderer)            Turns: 4100, Time: 00:33:36

Health: 0/66       AC: 10    Str: 14    XL:     7   Next: 86%
Magic:  5/5        EV: 12    Int: 18    God:
Gold:   155        SH:  0    Dex: 10    Spells: 10/10 levels left

rFire    . . .     SeeInvis +   a - +3 falchion
rCold    . . .     Gourm    .   (no shield)
rNeg     . . .     Faith    .   g - +1 ring mail {MR+}
rPois    .         Spirit   .   t - +0 helmet
rElec    .         Reflect  .   q - +0 cloak (curse)
rCorr    .         Harm     .   d - +0 pair of gloves
MR       ++...                  (no boots)
Stlth    ++........             n - amulet of inaccuracy (curse)
HPRegen  0.00/turn              l - ring of see invisible
MPRegen  0.09/turn              e - ring of stealth

@: non-regenerating
A: damage resistance, heal wounds, sense surroundings 1, no regeneration
a: Heal Wounds


You were on level 5 of the Dungeon.
You were very hungry.

You visited 1 branch of the dungeon, and saw 5 of its levels.

You collected 155 gold pieces.

Inventory:

Hand Weapons
 a - a +3 falchion (weapon)
 m - a +0 trident
Missiles
 s - 8 boomerangs
 x - 6 poisoned darts (quivered)
Armour
 d - a +0 pair of gloves (worn)
 g - a +1 ring mail of magic resistance (worn)
 q - a cursed +0 cloak (worn)
 t - a +0 helmet (worn)
Jewellery
 e - a ring of stealth (right hand)
 l - a ring of see invisible (left hand)
 n - a cursed amulet of inaccuracy (around neck)
 w - an uncursed ring of ice
 y - a +1 ring of protection {unknown}
Wands
 v - a wand of iceblast (11)
Scrolls
 c - 2 scrolls of teleportation
 p - a scroll of blinking
 r - a scroll of identify
 u - a scroll of amnesia
 z - a scroll of enchant weapon
Potions
 b - 2 potions of curing
 h - 5 potions of cancellation
 i - 2 potions of brilliance
 j - a potion of invisibility
 k - 2 potions of lignification
 o - a potion of flight
Comestibles
 f - 9 rations


   Skills:
 + Level 4.4 Fighting
 * Level 7.5 Long Blades
 - Level 1.0 Throwing
 * Level 2.9 Armour
 * Level 3.8 Dodging
 - Level 2.0 Stealth
 * Level 2.0 Spellcasting


You had 10 spell levels left.
You didn't know any spells.
Your spell library was empty.

Dungeon Overview and Level Annotations

Branches:
Dungeon (5/15)
 Temple: D:4-7

Altars:


Innate Abilities, Weirdness & Mutations

You are resistant to damage.
You can heal yourself by infusing magical energy.
You passively map a small area around you.
You do not regenerate.


Message History

The orc is heavily wounded.
The centaur unwields a +1 dagger of venom.
It stops dripping with poison.
The centaur wields a +0 shortbow.
The centaur shoots an arrow.
The arrow hits you but does no damage.
You barely miss the orc.
The orc is heavily wounded.
The orc hits you but does no damage.
A centaur comes into view.
The centaur shoots an arrow.
The arrow hits you but does no damage.
You hit the orc.
You kill the orc!
The centaur wields a +0 shortbow of freezing.
It is covered in frost.
The centaur shoots an arrow.
The arrow hits you!
* * * LOW HITPOINT WARNING * * *
The arrow freezes you.
* * * LOW HITPOINT WARNING * * *
The centaur shoots an arrow.
The arrow hits you!
* * * LOW HITPOINT WARNING * * *
The centaur shoots an arrow.
The arrow hits you!
You die...

.. ##. * . . ,
#..,, ,*c##.c ,
#.. ..... #.Z#*
...... ,
##.####.... ,
#.......#,
#.o##(# * ,
##..#@# , *,
#.....#
##..####.
##...#.... * ,
#..........
##.......... , ,
###........... ,
#............. ,
###..#..........
, ,


You could see a centaur.

Vanquished Creatures
  Duvessa (D:4)
  2 ogres (D:4)
  A bullfrog (D:4)
  Dowan (D:4)
  A scorpion (D:3)
  2 bullfrog skeletons
  2 orc priests (D:3)
  An orc wizard (D:5)
  2 iguanas (D:3)
  A worker ant (D:5)
  Ijyb (D:3)
  A hound zombie (D:5)
  Robin (D:2)
  11 adders
  An ooze (D:3)
  4 worms
  A dart slug (D:3)
  4 leopard geckos
  12 orcs
  4 bats
  8 giant cockroaches
  15 goblins
  12 hobgoblins
  6 jackals
  A quokka (D:3)
  A ball python (D:4)
  7 frilled lizards
  4 kobolds
  5 rats
113 creatures vanquished.

Notes
Turn   | Place    | Note
-------+----------+-------------------------------------------
     0 | D:1      | Esekla the Deep Dwarf Wanderer began the quest for the Orb.
     0 | D:1      | Esekla set off with the following items: a +2 falchion, a
                  | potion of curing, a scroll of teleportation, a +0 robe, a
                  | ration
     0 | D:1      | Reached XP level 1. HP: 21/21 MP: 1/1
   376 | D:1      | Reached XP level 2. HP: 27/30 MP: 2/2
   707 | D:1      | Reached skill level 1 in Dodging
   753 | D:1      | Reached XP level 3. HP: 25/36 MP: 3/3
   895 | D:2      | Found a faded altar of an unknown god.
  1030 | D:2      | Noticed Robin
  1072 | D:3      | Noticed a scorpion
  1086 | D:3      | Killed a scorpion
  1086 | D:3      | Reached skill level 5 in Long Blades
  1086 | D:3      | Reached XP level 4. HP: 12/44 MP: 3/5
  1117 | D:3      | Reached XP level 5. HP: 20/50 MP: 5/5
  1314 | D:4      | Reached skill level 1 in Spellcasting
  1316 | D:4      | Noticed Duvessa
  1316 | D:4      | Noticed Dowan
  1577 | D:3      | Reached skill level 6 in Long Blades
  1726 | D:3      | Reached XP level 6. HP: 33/57 MP: 4/4
  2523 | D:2      | Killed Robin
  2674 | D:3      | Noticed Ijyb
  2712 | D:3      | Killed Ijyb
  3133 | D:3      | Reached skill level 1 in Armour
  3425 | D:4      | Killed Duvessa
  3425 | D:4      | Reached XP level 7. HP: 46/64 MP: 5/5
  3491 | D:4      | Killed Dowan
  3668 | D:4      | Reached skill level 7 in Long Blades
  3717 | D:5      | Entered Level 5 of the Dungeon
  4100 | D:5      | Shot with an arrow by a centaur

Levels and vault maps discovered:
D:1:      dpeg_arrival_signposts, layout_basic, corexii_hall_statues_deadend
D:2:      layout_loops_ring, chequers_ecumenical_altar_simple,
          lightli_corner_chamber, uniq_robin
D:3:      layout_basic, uniq_ijyb
D:4:      layout_basic, minmay_unequal, uniq_duvessa
D:5:      layout_cave_pools, minmay_temple_entry_sparse_star, first_ration,
          uniq_sigmund, uniq_menkaure, uniq_grinder

Skill      XL: |  1  2  3  4  5  6  7 |
---------------+----------------------+-----
Dodging        | 1 2 3 |  3.8
Long Blades    | 5 6 7 |  7.5
Fighting       | 4 |  4.4
Spellcasting   | 1 2 |  2.0
Stealth        | 2 |  2.0
Armour         | 1 2 |  2.9
Throwing       | |  1.0

Action                   |  1- 3 |  4- 6 |  7- 9 || total
-------------------------+-------+-------+-------++-------
Melee: Falchion          |   112 |   250 |   165 ||   527
Throw: Dart              |       |     6 |       ||     6
       Boomerang         |       |       |    13 ||    13
 Abil: Heal Wounds       |       |    11 |     4 ||    15
  Use: Potion            |     1 |     1 |       ||     2
       Scroll            |       |     9 |     1 ||    10
 Stab: Distracted        |     1 |       |       ||     1
       Sleeping          |       |     5 |       ||     5
  Eat: Chunk             |       |     8 |     2 ||    10
Armor: Robe              |    24 |     5 |       ||    29
       Ring mail         |       |    64 |    63 ||   127
Dodge: Dodged            |    66 |   132 |   100 ||   298
       Rpst.: Falchion   |    16 |    45 |    40 ||   101
